 Dungeon Crawl Stone Soup version 0.24-a0-813-g0f74319 (webtiles) character file.

Game seed: 590589836037752341, levelgen mode: deterministic

217914 barkas the Impassioned (level 19, 0/124 HPs)
             Began as a Tengu Gladiator on Oct 12, 2019.
             Was the Champion of Uskayaw.
             Slain by an anaconda (2 damage)
             ... on level 4 of the Snake Pit on Oct 13, 2019.
             The game lasted 01:33:00 (34688 turns).

barkas the Impassioned (Tengu Gladiator)           Turns: 34688, Time: 01:33:01

Health: 0/124      AC: 22    Str: 20    XL:     19   Next: 10%
Magic:  32/32      EV: 17    Int:  7    God:    Uskayaw [******]
Gold:   867        SH: 21    Dex: 19    Spells: 18/18 levels left

rFire    + . .     SeeInvis .   a - +0 scimitar (elec)
rCold    + . .     Gourm    .   y - +0 large shield
rNeg     + . .     Faith    .   F - +7 Kryia's mail coat {PotionHeal*2 rC+}
rPois    .         Spirit   .   k - +1 hat
rElec    .         Reflect  .   O - +1 cloak {+Inv}
rCorr    .         Harm     .   V - +3 pair of gauntlets of War {Slay+5}
MR       ++++.     Rnd*Rage +   (boots unavailable)
Stlth    ++........             P - necklace of Bloodlust {*Rage +Rage MR++ Int-3 Slay+6 *Curse} (curse)
HPRegen  0.30/turn              w - ring "Weamas" {*Drain rF+ rN+ Int+2 Stlth+}
MPRegen  0.23/turn              i - ring "Qesu" {MR+ Stlth+}

@: lethally poisoned (0 -> -24), about to teleport, berserk cooldown, flying
quickly and evasively, slowed, constricted, very slow
A: beak, talons 3, able to fly
}: 1/15 runes: decaying
a: Stop Flying, Stomp, Line Pass, Grand Finale, Renounce Religion, Evoke Berserk
Rage, Evoke Invisibility


You were on level 4 of the Snake Pit.
You worshipped Uskayaw.
Uskayaw was most pleased with you.
You were not hungry.

You visited 6 branches of the dungeon, and saw 31 of its levels.
You also visited: Sewer and Gauntlet.

You collected 3168 gold pieces.
You spent 2301 gold pieces at shops.

Inventory:

Hand Weapons
 a - a +0 scimitar of electrocution (weapon)
 b - a +4 scimitar of flaming
Missiles
 d - 8 throwing nets {!f}
 B - 4 curare-tipped darts (quivered)
Armour
 k - a +1 hat (worn)
 o - +0 swamp dragon scales
 q - a scarf of repulsion
 y - a +0 large shield (worn)
 F - the +7 Kryia's mail coat (worn) {PotionHeal*2 rC+}
   (You took it off a minotaur in a Gauntlet)

   It protects you from cold.
 O - a +1 cloak of invisibility (worn)
 Q - +1 storm dragon scales
 R - a +1 shield of fire resistance
 V - the +3 pair of gauntlets of War (worn) {Slay+5}
   (You found it on level 14 of the Dungeon)

   It affects your accuracy and damage with ranged weapons and melee attacks
   (+5).
Jewellery
 i - the ring "Qesu" (right hand) {MR+ Stlth+}
   (You took it off a deep elf sorcerer on level 14 of the Dungeon)

   [ring of protection from magic]

   It affects your resistance to hostile enchantments.
   It makes you more stealthy.
 n - an uncursed ring of protection from cold
 w - the ring "Weamas" (left hand) {*Drain rF+ rN+ Int+2 Stlth+}
   (You found it in a Gauntlet)

   [ring of protection from fire]

   It affects your intelligence (+2).
   It protects you from fire.
   It protects you from negative energy.
   It causes draining when unequipped.
   It makes you more stealthy.
 D - an uncursed ring of see invisible
 P - the cursed necklace of Bloodlust (around neck) {*Rage +Rage MR++ Int-3 Slay+6 *Curse}
   (You bought it in a shop on level 14 of the Dungeon)

   [amulet of rage]

   It affects your intelligence (-3).
   It affects your accuracy and damage with ranged weapons and melee attacks
   (+6).
   It affects your resistance to hostile enchantments.
   It lets you go berserk.
   It may make you go berserk in combat.
   It curses itself when equipped.
   It has a curse placed upon it.
Wands
 G - a wand of enslavement (6)
 H - a wand of iceblast (30)
 K - a wand of acid (14)
 M - a wand of clouds (4)
 U - a wand of digging (1)
 W - a wand of scattershot (9)
 X - a wand of paralysis (20)
Scrolls
 c - 6 scrolls of identify
 g - 9 scrolls of teleportation
 h - 11 scrolls of remove curse
 j - a scroll of magic mapping
 m - 3 scrolls of silence
 A - 6 scrolls of vulnerability
 C - a scroll of fear
 I - a scroll of fog
 N - 5 scrolls of blinking
Potions
 l - a potion of cancellation
 p - 2 potions of berserk rage
 r - 13 potions of agility
 s - 10 potions of might
 t - 5 potions of heal wounds
 u - 5 potions of brilliance
 v - 2 potions of magic
 x - 12 potions of curing
 z - 2 potions of invisibility
 E - 2 potions of ambrosia
 J - 5 potions of lignification
 L - 3 potions of haste
 S - a potion of resistance
 Y - 3 potions of mutation
Miscellaneous
 e - a lamp of fire
 T - a box of beasts
Comestibles
 f - 60 rations
 Z - 4 chunks of flesh


   Skills:
 + Level 15.0 Fighting
 - Level 14.0 Long Blades
 - Level 2.0 Throwing
 - Level 6.0 Armour
 - Level 12.0 Dodging
 * Level 16.6 Shields
 * Level 17.9 Invocations
 - Level 5.0 Evocations


You had 18 spell levels left.
You didn't know any spells.
Your spell library contained the following spells:

 Spells                   Type           Power        Failure   Level  Hunger
 Animate Skeleton         Necr           N/A          98%         1    ##.....
 Beastly Appendage        Tmut           #.....       98%         1    ##.....
 Confusing Touch          Hex            #.....       98%         1    ##.....
 Corona                   Hex            #......      98%         1    ##.....
 Freeze                   Ice            #...         98%         1    ##.....
 Magic Dart               Conj           #...         98%         1    ##.....
 Pain                     Necr           #...         98%         1    ##.....
 Summon Butterflies       Summ           #.......     98%         1    ##.....
 Summon Small Mammal      Summ           #...         98%         1    ##.....
 Call Imp                 Summ           #.......     99%         2    ###....
 Searing Ray              Conj           #.....       99%         2    ###....
 Slow                     Hex            #.......     99%         2    ###....
 Sticks to Snakes         Tmut           #.......     99%         2    ###....
 Throw Frost              Conj/Ice       #.....       99%         2    ###....
 Call Canine Familiar     Summ           #.......     100%        3    ####...
 Confuse                  Hex            #.......     100%        3    ####...
 Dazzling Spray           Conj/Hex       #.....       100%        3    ####...
 Gell's Gravitas          Tloc           #.........   100%        3    ####...
 Inner Flame              Hex/Fire       #.......     100%        3    ####...
 Ozocubu's Armour         Chrm/Ice       #.......     100%        3    ####...
 Portal Projectile        Hex/Tloc       #.....       100%        3    ####...
 Regeneration             Chrm/Necr      #.........   100%        3    ####...
 Spider Form              Tmut/Pois      #.........   100%        3    ####...
 Summon Guardian Golem    Hex/Summ       #.......     100%        3    ####...
 Vampiric Draining        Necr           #.........   100%        3    ####...
 Animate Dead             Necr           N/A          100%        4    #####..
 Cause Fear               Hex            #.........   100%        4    #####..
 Force Lance              Conj/Tloc      #.......     100%        4    #####..
 Fulminant Prism          Conj/Hex       #.........   100%        4    #####..
 Ice Form                 Ice/Tmut       #.......     100%        4    #####..
 Iskenderun's Mystic Bla  Conj           #.......     100%        4    #####..
 Leda's Liquefaction      Hex/Erth       #.........   100%        4    #####..
 Petrify                  Tmut/Erth      #.......     100%        4    #####..
 Summon Ice Beast         Ice/Summ       #.......     100%        4    #####..
 Summon Lightning Spire   Summ/Air       #.......     100%        4    #####..
 Throw Icicle             Conj/Ice       #.......     100%        4    #####..
 Blade Hands              Tmut           #.........   100%        5    ######.
 Bolt of Magma            Conj/Fire/Erth #.........   100%        5    ######.
 Lee's Rapid Deconstruct  Erth           #.........   100%        5    ######.
 Metabolic Englaciation   Hex/Ice        #.........   100%        5    ######.
 Summon Mana Viper        Hex/Summ       #.......     100%        5    ######.
 Yara's Violent Unravell  Hex/Tmut       #.........   100%        5    ######.
 Bolt of Cold             Conj/Ice       #.........   100%        6    #######
 Bolt of Fire             Conj/Fire      #.........   100%        6    #######
 Freezing Cloud           Conj/Ice/Air   #.........   100%        6    #######
 Iron Shot                Conj/Erth      #.........   100%        6    #######
 Ozocubu's Refrigeration  Ice            #.........   100%        6    #######
 Simulacrum               Ice/Necr       #.........   100%        6    #######
 Statue Form              Tmut/Erth      #........    100%        6    #######
 Summon Hydra             Summ           #.........   100%        7    #######
 Shatter                  Erth           #.........   100%        9    #######


Dungeon Overview and Level Annotations

Branches:
Dungeon (14/15)            Temple (1/1) D:6            Lair (6/6) D:10
  Swamp (4/4) Lair:3        Snake (4/4) Lair:2        Slime (0/5) Lair:6
    Orc (2/2) D:12            Elf (0/3) Orc:2        Vaults (0/5) D:14
  Sewer (visited)         Gauntlet (visited)

Altars:
Ashenzari
Cheibriados
Dithmenos
Elyvilon
Fedhas
Gozag
Hepliaklqana
Kikubaaqudgha
Makhleb
Nemelex Xobeh
Okawaru
Qazlal
Ru
Sif Muna
Trog
Uskayaw
Vehumet
Wu Jian
Xom
Yredelemnul
Zin
The Shining One
Beogh
Jiyva

Shops:
D:5 [   D:6 *   D:9 *=   D:12 [   D:13 %   D:14 **=(   Orc:1 *   Orc:2 ([((
Snake:1 [*!

Annotations:
Swamp:4 3 runed translucent doors, scarywalker64's ghost, adept DgHu
Snake:3 2 runed translucent doors, Xogumoc's ghost, adept HaBe


Innate Abilities, Weirdness & Mutations

You have a beak for a mouth.
You have claws for feet.
You can fly continuously.


Message History

Lightning courses through the black mamba!
You claw the black mamba. Your peck misses the black mamba.
The black mamba is severely wounded.
The naga warrior spits poison at you. The splash of poison misses you.
The splash of poison hits the naga.
The naga completely resists.
The naga closely misses you. The naga barely misses you.
You block the anaconda's attack. The anaconda constricts you.
The naga sharpshooter shoots an arrow.
The arrow misses you.
The arrow hits the naga warrior!
You block the naga warrior's attack.
The black mamba bites you but does no damage.
The nagaraja spits poison at you. The splash of poison hits you!
You are more poisoned.
* * * LOW HITPOINT WARNING * * *
The naga warrior hits you with a cursed -2 hand axe!!
* * * LOW HITPOINT WARNING * * *
You block the naga's attack.
The anaconda bites you but does no damage.
You die...

#.####......?)...#
#.# #...=.......##
### #....#########
##......†....###
###...........##
########.....#
###†)).#
####SNN.)##
##...N@N[##
#.$.SSNN##
##...#### #....§
...§....
#.....§.N.N
#...........
....8..N8....
##.⌠N...S....⌠.#


You could see 2 naga warriors, a nagaraja, a naga sharpshooter, an anaconda, a
guardian serpent, a black mamba and 2 nagas.

Vanquished Creatures
  Mara (Snake:4)
  Nikola (Swamp:4)
  A lich (D:14)
  Jorgrun (D:13)
  3 thorn hunters
  Kirke (Lair:4)
  Donald (Orc:2)
  4 nagarajas (Snake:4)
  2 deep elf sorcerers (D:14)
  Aizul (Swamp:3)
  2 orc warlords (Orc:2)
  A vampire knight (D:12)
  A dire elephant (Lair:2)
  A minotaur (Gauntlet)
  Snorg (Orc:2)
  A green death (Gauntlet)
  10 naga warriors
  27 hydras
  The ghost of zazu2006 the Protected, a journeyman GnWn of Vehumet (D:12)
  2 ice dragons
  15 anacondas
  9 alligators
  5 shambling mangroves
  A centaur warrior (D:14)
  A ghost crab (Swamp:4)
  A merfolk avatar (Lair:6)
  A death knight (D:14)
  2 two-headed ogres
  Erica (D:10)
  2 orc high priests (Orc:2)
  6 naga sharpshooters
  7 shock serpents
  2 salamander mystics
  2 sea snakes (Lair:6)
  2 unseen horrors
  3 skeletal warriors
  10 swamp dragons
  3 spriggan druids
  A deep elf archer (D:14)
  3 naga ritualists
  A harpy (Lair:6)
  A phantasmal warrior (D:13)
  A harpy (shapeshifter) (D:14)
  A necromancer (D:12)
  9 mana vipers
  2 wizards (Gauntlet)
  A deep elf mage (D:14)
  3 ugly things
  An orc sorcerer (Orc:2)
  A spectral centaur (D:12)
  A manticore (D:14)
  2 cyclopes
  The ghost of flotson the Shield-Bearer, a novice GrFi (D:6)
  5 centaur zombies
  8 guardian serpents
  7 salamanders
  36 elephants
  16 naga magi
  28 black mambas
  Maurice (D:10)
  2 torpor snails
  24 spiny frogs
  A gargoyle (D:11)
  2 orange demons (Gauntlet)
  A kobold demonologist (D:11)
  An efreet (D:14)
  10 komodo dragons
  11 rime drakes
  A komodo dragon (shapeshifter) (D:14)
  2 freezing wraiths (D:14)
  2 trolls
  5 polar bears
  8 tyrant leeches
  6 bog bodies
  20 hornets
  21 blink frogs
  12 hippogriffs
  10 slime creatures
  A centaur simulacrum (D:12)
  10 spriggans
  61 yaks
  4 wraiths
  3 basilisks
  A human (Lair:4)
  6 wyverns
  2 hogs (Lair:4)
  3 hungry ghosts
  11 vampire mosquitoes
  3 wargs
  30 nagas
  19 swamp worms
  24 water moccasins
  An acid dragon (D:9)
  12 insubstantial wisps
  A soldier ant (shapeshifter) (D:14)
  A soldier ant (D:14)
  12 porcupines
  22 swamp drakes
  49 orc warriors
  4 black bears
  A hornet zombie (D:12)
  2 ice beasts
  4 sky beasts
  4 phantoms
  12 ogres
  8 wolves (Lair:5)
  13 centaurs
  8 crocodiles
  3 big kobolds
  24 bullfrogs
  A water moccasin zombie (D:7)
  An elf skeleton (D:7)
  A wyvern skeleton (D:9)
  6 scorpions
  15 killer bees
  A troll skeleton (D:7)
  7 wights
  An electric eel (Lair:3)
  7 howler monkeys
  5 crimson imps
  5 human zombies (D:7)
  8 centaur skeletons
  A jelly (D:14)
  12 hounds
  A quasit (D:7)
  A bullfrog skeleton (D:12)
  30 orc priests
  A human skeleton (D:7)
  29 orc wizards
  7 iguanas
  10 worker ants
  2 ogre zombies (D:7)
  2 hound skeletons
  A mummy (D:7)
  A worker ant zombie (D:10)
  3 gnolls (D:5)
  7 adders
  A howler monkey skeleton (D:11)
  2 shadow imps
  2 white imps (Gauntlet)
  3 oozes
  An adder zombie (D:7)
  2 adder skeletons
  3 worms
  3 dart slugs
  6 leopard geckos
  122 orcs
  6 bats
  8 giant cockroaches
  10 goblins
  4 hobgoblins
  12 jackals
  23 kobolds
  8 quokkas
  6 ball pythons
  5 frilled lizards
  9 rats
  A briar patch (Swamp:1)
  2 butterflies (D:10)
1169 creatures vanquished.

Vanquished Creatures (collateral kills)
  A yak (Lair:2)
  A bullfrog (Lair:2)
2 creatures vanquished.

Vanquished Creatures (others)
  A shadow wraith (D:14)
  A hornet (Swamp:2)
  A tyrant leech (Swamp:4)
  A slime creature (Swamp:4)
  A vampire mosquito (D:12)
  A worker ant (D:10)
  A briar patch (Swamp:1)
  3 bushes (Lair:6)
  4 demonic plants (Gauntlet)
  30 fungi
  20 plants
64 creatures vanquished.

Grand Total: 1235 creatures vanquished

Notes
Turn   | Place    | Note
-------+----------+-------------------------------------------
     0 | D:1      | barkas the Tengu Gladiator began the quest for the Orb.
     0 | D:1      | Reached XP level 1. HP: 12/12 MP: 2/2
   237 | D:1      | Reached XP level 2. HP: 17/17 MP: 3/3
   698 | D:1      | Reached XP level 3. HP: 22/22 MP: 4/4
  1774 | D:3      | Found a sacrificial altar of Ru.
  1792 | D:3      | Found a glowing drain.
  1807 | D:3      | Reached XP level 4. HP: 25/27 MP: 5/5
  1833 | Sewer    | Entered a sewer
  2186 | Sewer    | Noticed a big kobold
  2194 | Sewer    | Killed a big kobold
  2194 | Sewer    | Reached skill level 5 in Long Blades
  2194 | Sewer    | Gained mutation: You can fly continuously. [Tengu growth]
  2194 | Sewer    | Reached XP level 5. HP: 25/32 MP: 6/6
  2420 | D:3      | Reached XP level 6. HP: 34/37 MP: 7/7
  3261 | D:4      | Found an opulent altar of Gozag.
  3531 | D:4      | Reached skill level 5 in Dodging
  3531 | D:4      | Reached XP level 7. HP: 42/43 MP: 8/8
  4388 | D:5      | Entered Level 5 of the Dungeon
  4388 | D:5      | Found Otyipt's Antique Armour Emporium.
  5303 | D:6      | Reached XP level 8. HP: 48/48 MP: 9/9
  5306 | D:6      | Found a runed translucent gate.
  5306 | D:6      | Found a runed translucent gate.
  5307 | D:6      | Found a runed translucent gate.
  5307 | D:6      | Found an opulent altar of Gozag.
  5347 | D:6      | Found Ravost's General Store.
  5440 | D:6      | Bought a scroll of enchant armour for 75 gold pieces
  5440 | D:6      | Bought a scroll of enchant weapon for 75 gold pieces
  5484 | D:6      | Reached skill level 5 in Fighting
  5685 | D:6      | Found a staircase to the Ecumenical Temple.
  5785 | Temple   | Entered the Ecumenical Temple
  5987 | Temple   | Became a worshipper of Uskayaw the Reveler
  6147 | D:6      | Noticed flotson's ghost (novice GrFi)
  6173 | D:7      | Reached * piety under Uskayaw
  6201 | D:6      | Reached ** piety under Uskayaw
  6202 | D:6      | Reached skill level 1 in Invocations
  6393 | D:7      | Reached skill level 2 in Invocations
  6577 | D:7      | Reached *** piety under Uskayaw
  6578 | D:7      | Reached XP level 9. HP: 54/54 MP: 10/12
  6588 | D:7      | Reached skill level 3 in Invocations
  6838 | D:7      | Reached **** piety under Uskayaw
  6852 | D:7      | Reached ***** piety under Uskayaw
  7071 | D:7      | Reached skill level 4 in Invocations
  7078 | D:7      | Found an ancient bone altar of Kikubaaqudgha.
  7103 | D:7      | Reached ****** piety under Uskayaw
  7196 | D:7      | Found a bloodstained altar of Trog.
  7232 | D:7      | Found a glowing golden altar of the Shining One.
  7256 | D:7      | Reached skill level 10 in Long Blades
  7673 | D:8      | Reached skill level 5 in Invocations
  7673 | D:8      | Reached XP level 10. HP: 57/61 MP: 14/14
  8189 | D:8      | Found an iron altar of Okawaru.
  8192 | D:8      | Found a blossoming altar of Fedhas.
  8195 | D:8      | Found a radiant altar of Vehumet.
  8689 | D:9      | Reached skill level 6 in Invocations
  9007 | D:9      | Found Nanes's Jewellery Emporium.
  9023 | D:9      | Noticed a two-headed ogre
  9040 | D:9      | Killed a two-headed ogre
  9093 | D:9      | Found Paptotz's Assorted Antiques.
  9096 | D:9      | Bought an embroidered hat for 203 gold pieces
  9096 | D:9      | Bought a scroll labeled SAGYAREURU for 29 gold pieces
  9096 | D:9      | Bought a lead wand for 116 gold pieces
  9628 | D:10     | Entered Level 10 of the Dungeon
  9828 | D:10     | Reached XP level 11. HP: 58/67 MP: 17/17
  9841 | D:10     | Noticed Maurice
  9849 | D:10     | Killed Maurice
  9849 | D:10     | Reached skill level 7 in Invocations
  9892 | D:10     | Killed an unseen horror
 10130 | D:10     | Found a staircase to the Lair.
 10177 | D:10     | Noticed Erica
 10195 | D:10     | Killed Erica
 10255 | D:10     | Found a stormy altar of Qazlal.
 10647 | D:11     | Reached skill level 8 in Invocations
 10769 | D:11     | Noticed a brown ugly thing
 10791 | D:11     | Killed a brown ugly thing
 11013 | D:11     | Noticed a purple ugly thing
 11041 | D:11     | Killed a purple ugly thing
 11181 | D:11     | Reached XP level 12. HP: 75/75 MP: 19/19
 11249 | D:12     | Found Balemoku's Armour Boutique.
 11256 | D:12     | Noticed an ice dragon
 11338 | D:11     | Reached skill level 9 in Invocations
 11353 | D:11     | Killed an ice dragon
 11489 | D:12     | Bought a +1 pair of gloves of dexterity for 231 gold pieces
 11505 | D:12     | Found the +8 frozen axe "Frostbite" {freezing cloud, *Noise
                  | +Fly rC+}
 11553 | D:12     | Identified a scroll of acquirement
 11620 | D:12     | Noticed a vampire knight
 11638 | D:12     | Found a transporter.
 11712 | D:12     | Reached skill level 10 in Dodging
 11869 | D:12     | Found a staircase to the Orcish Mines.
 11992 | D:12     | Found a transporter.
 11992 | D:12     | Noticed zazu2006's ghost (journeyman GnWn)
 12344 | Lair:1   | Entered Level 1 of the Lair of Beasts
 12497 | Lair:1   | Found a glowing silver altar of Zin.
 12669 | Lair:1   | Reached skill level 10 in Invocations
 13435 | Lair:2   | Reached XP level 13. HP: 71/80 MP: 21/21
 13530 | Lair:2   | Reached skill level 10 in Fighting
 13539 | Lair:2   | Reached skill level 11 in Invocations
 13626 | Lair:2   | Found a staircase to the Snake Pit.
 13646 | Lair:2   | Noticed a dire elephant
 13656 | Lair:2   | Killed a dire elephant
 14771 | Lair:3   | Reached skill level 12 in Invocations
 15038 | Lair:3   | Found a staircase to the Swamp.
 15422 | Lair:4   | Reached XP level 14. HP: 88/88 MP: 24/24
 15500 | Lair:4   | Reached skill level 1 in Shields
 15520 | Lair:4   | Noticed Kirke
 15535 | Lair:4   | Killed Kirke
 16146 | Lair:4   | Reached skill level 5 in Shields
 17226 | Lair:6   | Entered Level 6 of the Lair of Beasts
 17270 | Lair:6   | Reached skill level 13 in Invocations
 17298 | Lair:6   | HP: 1/90 [komodo dragon (22)]
 17602 | Lair:6   | Found a staircase to the Slime Pits.
 17602 | Lair:6   | Found a viscous altar of Jiyva.
 17868 | Lair:6   | Reached XP level 15. HP: 72/96 MP: 26/26
 17870 | Lair:6   | Reached skill level 10 in Shields
 19090 | D:6      | Killed flotson's ghost
 19337 | D:13     | Reached skill level 14 in Invocations
 19658 | D:13     | Reached skill level 1 in Armour
 19844 | D:13     | Found Coig's Food Shoppe.
 20214 | D:14     | Found Nerchaps's Assorted Antiques.
 20490 | D:14     | Noticed Jorgrun
 20712 | D:13     | Killed Jorgrun
 20733 | D:14     | Found Bacurph's Assorted Antiques.
 20742 | D:14     | Bought a scroll labeled AFELISMU KONI for 29 gold pieces
 20742 | D:14     | Bought an ancient garnet amulet for 145 gold pieces
 20742 | D:14     | Bought a white potion for 26 gold pieces
 20742 | D:14     | Bought a brightly glowing ring mail for 261 gold pieces
 20742 | D:14     | Bought a scroll labeled VADIPLE LOAZO for 29 gold pieces
 20744 | D:14     | Identified the amulet of Foojumoav {Harm *Drain Str+9} (You
                  | bought it in a shop on level 14 of the Dungeon)
 20745 | D:14     | Identified the cursed +0 ring mail of Zeutu {rN+++ MR-
                  | Stlth+} (You bought it in a shop on level 14 of the
                  | Dungeon)
 20775 | D:14     | Found Vagim's Jewellery Shop.
 20948 | D:14     | Found Roat's Antique Weapon Emporium.
 21009 | D:14     | Noticed a deep elf sorcerer
 21011 | D:14     | Identified the ring "Qesu" {MR+ Stlth+}
 21011 | D:14     | Noticed a deep elf sorcerer
 21015 | D:14     | Noticed a lich
 21019 | D:14     | Killed a deep elf sorcerer
 21026 | D:14     | Killed a lich
 21028 | D:14     | Killed a deep elf sorcerer
 21042 | D:14     | Found the +3 pair of gauntlets of War {Slay+5}
 21266 | D:14     | Reached XP level 16. HP: 65/103 MP: 27/27
 21412 | D:14     | Found a gate to the Vaults.
 21811 | Orc:1    | Entered Level 1 of the Orcish Mines
 21811 | Orc:1    | Found a roughly hewn altar of Beogh.
 21919 | Orc:2    | Entered Level 2 of the Orcish Mines
 21919 | Orc:2    | Found a staircase to the Elven Halls.
 22019 | Orc:2    | Found a roughly hewn altar of Beogh.
 22044 | Orc:2    | Found a gate leading to a gauntlet.
 22124 | Gauntlet | Entered a Gauntlet
 22124 | Gauntlet | Found a transporter.
 22133 | Gauntlet | Found a transporter.
 22153 | Gauntlet | Found a transporter.
 22154 | Gauntlet | Found a transporter.
 22187 | Gauntlet | Found a transporter.
 22194 | Gauntlet | Found a transporter.
 22198 | Gauntlet | Found a transporter.
 22221 | Gauntlet | Found a transporter.
 22247 | Gauntlet | Found the +0 Maxwell's etheric cage {RegenMP+ *Contam rElec
                  | MP+4}
 22248 | Gauntlet | Found a transporter.
 22248 | Gauntlet | Found a transporter.
 22256 | Gauntlet | Found a transporter.
 22336 | Gauntlet | Got a brightly glowing cloak
 22366 | Gauntlet | Got a slimy steel ring
 22446 | Gauntlet | Identified the +8 glaive of Peryg {antimagic, rN+}
 22487 | Gauntlet | Identified the Compendium of Destructive Stones
 22510 | Gauntlet | Identified the cursed +0 cloak of the Cuttlefish {rF+ rCorr
                  | SInv} (You found it in a Gauntlet)
 22512 | Gauntlet | Identified the ring "Weamas" {*Drain rF+ rN+ Int+2 Stlth+}
                  | (You found it in a Gauntlet)
 22806 | Orc:1    | Found Hoihof's Assorted Antiques.
 22834 | Orc:1    | Bought a shimmering scale mail for 252 gold pieces
 22844 | Orc:1    | Identified the +4 scale mail of Insatiable Hunger {Int+2}
                  | (You bought it in a shop on level 1 of the Orcish Mines)
 23076 | Orc:2    | Found a roughly hewn altar of Beogh.
 23128 | Orc:2    | Found a roughly hewn altar of Beogh.
 23135 | Orc:2    | Found Lysavvuj's Weapon Shoppe.
 23200 | Orc:2    | Noticed Snorg
 23208 | Orc:2    | Killed Snorg
 23227 | Orc:2    | Found a roughly hewn altar of Beogh.
 23317 | Orc:2    | Found a roughly hewn altar of Beogh.
 23357 | Orc:2    | Reached skill level 1 in Evocations
 23360 | Orc:2    | Found a roughly hewn altar of Beogh.
 23375 | Orc:2    | Noticed Donald
 23394 | Orc:2    | Killed Donald
 23847 | Orc:2    | Found a roughly hewn altar of Beogh.
 23864 | Orc:2    | Found Asukes's Weapon Boutique.
 24018 | Orc:2    | Found Totac's Antique Armour Boutique.
 24020 | Orc:2    | Found a roughly hewn altar of Beogh.
 24023 | Orc:2    | Found Qaptuargh's Antique Weapon Shop.
 24592 | Swamp:1  | Entered Level 1 of the Swamp
 24603 | Swamp:1  | Reached skill level 5 in Armour
 24610 | Swamp:1  | Reached skill level 15 in Invocations
 25227 | Swamp:1  | Noticed a thorn hunter
 25244 | Swamp:1  | Killed a thorn hunter
 25712 | Swamp:1  | Noticed a thorn hunter
 25719 | Swamp:1  | Killed a thorn hunter
 27140 | Swamp:3  | Reached XP level 17. HP: 108/108 MP: 29/29
 27709 | Swamp:3  | Noticed Aizul
 27722 | Swamp:3  | Killed Aizul
 27753 | Swamp:4  | Entered Level 4 of the Swamp
 27776 | Swamp:4  | Noticed Nikola
 28145 | Swamp:4  | Killed Nikola
 28145 | Swamp:4  | Reached skill level 15 in Shields
 28242 | Swamp:4  | Found a runed translucent gate.
 28243 | Swamp:4  | Found a runed translucent gate.
 28243 | Swamp:4  | Noticed scarywalker64's ghost (adept DgHu)
 28244 | Swamp:4  | Found a runed translucent gate.
 28333 | Swamp:4  | Reached skill level 5 in Evocations
 28730 | Swamp:4  | Reached skill level 16 in Invocations
 29311 | Swamp:4  | Got a decaying rune of Zot
 29807 | D:12     | Killed zazu2006's ghost
 29983 | D:14     | Bought the cursed necklace of Bloodlust {*Rage +Rage MR++
                  | Int-3 Slay+6 *Curse} for 830 gold pieces
 29983 | D:14     | Found the cursed necklace of Bloodlust {*Rage +Rage MR++
                  | Int-3 Slay+6 *Curse}
 30166 | Snake:1  | Entered Level 1 of the Snake Pit
 30169 | Snake:1  | Found Kolaanaun's General Store.
 30173 | Snake:1  | Found Ahupsat's Armour Emporium.
 30187 | Snake:1  | Identified the cursed +0 scale mail of Comur {Str+4 SInv}
                  | (You found it on level 1 of the Snake Pit)
 30365 | Snake:1  | Found Vapn's Distillery.
 30387 | Snake:1  | Reached XP level 18. HP: 96/116 MP: 27/31
 30407 | Lair:2   | HP: 1/116 [poisoned by a naga ritualist (splash of poison)]
 30758 | Snake:1  | Got a clouded amber ring
 30857 | Snake:1  | Identified the ring of Winter {*Corrode rN+ Str+6 Int+3}
                  | (You found it on level 1 of the Snake Pit)
 31231 | Snake:2  | Reached skill level 17 in Invocations
 32230 | Snake:3  | Found a large runed translucent door.
 32230 | Snake:3  | Found a large runed translucent door.
 32981 | Snake:3  | Noticed Xogumoc's ghost (adept HaBe)
 33168 | Snake:4  | Entered Level 4 of the Snake Pit
 33495 | Snake:4  | Noticed Mara
 33571 | Snake:4  | Noticed barkas's illusion
 33578 | Snake:4  | Killed Mara
 34659 | Snake:4  | Reached XP level 19. HP: 123/123 MP: 32/32
 34676 | Snake:4  | Reached skill level 15 in Fighting
 34688 | Snake:4  | HP: 2/124 [naga warrior/cursed -2 hand axe (18)]
 34688 | Snake:4  | Slain by an anaconda

Levels and vault maps discovered:
D:1:      minmay_arrival_diagonal_passages, layout_basic, grunt_decor_one_mirror
D:2:      layout_rooms
D:3:      layout_basic, nicolae_ru_awakened_eye, portal_sewer_entry_a
D:4:      layout_layer_cave, lemuel_crystal_altar, minmay_quantized
D:5:      layout_rooms, serial_shops, nicolae_shop_overgrown_old_shop,
          first_ration, kennysheep_boxes
D:6:      layout_cave_pools, minmay_temple_entry_hall, serial_shops,
          nicolae_shop_stone, ebering_ghost_gozag
D:7:      layout_basic, lemuel_coloured_pillars_altar,
          lemuel_mausoleum_altar_kikubaaqudgha, trog_ov_bears_minmay,
          grunt_ogre_cave
D:8:      layout_cave_pods, grunt_temple_overflow_diamond,
          minmay_manual_mandibuliform
D:9:      layout_loops_ring, serial_shops, kennysheep_mini_moat, kennysheep_mini
D:10:     layout_gridville, lair_entry_dummy, hangedman_glass_garden,
          grunt_qazlal_clouds, uniq_maurice, uniq_erica
D:11:     layout_cave_pools, kennysheep_generic_room_2
D:12:     minmay_coctagon, layout_loops_ring, hiddenorc1_lemuel, serial_shops,
          nicolae_shop_competitors_out_of_business, gammafunk_ghost_mausoleum
D:13:     layout_irregular_city, serial_shops, shop
D:14:     layout_loops_ring, david_vaults_4, minmay_staircase_bubble,
          serial_shops, shop, shop, nicolae_shop_crystal, nicolae_shop_stone,
          minmay_the_grid_2x2 [minmay_the_grid_rooms, minmay_the_grid_tree,
          minmay_the_grid_tri_star, minmay_the_grid_prize_inner_circle],
          uniq_jorgrun
Temple:   dpeg_chambers_temple
Lair:1:   layout_small_grid, basic_altar, serial_bayou_shore_a,
          wad_woods_river_01
Lair:2:   mu_elephants_graveyard, layout_long_grid, guppyfry_snake_entry_island
Lair:3:   layout_gridlike, nicolae_swamp_entry_splash_gauntlet, st_stairs_10
Lair:4:   beast_lair_carwin_large_1, layout_cave_pods, uniq_kirke
Lair:5:   layout_regular_city
Lair:6:   gammafunk_lair_ancient_temple, layout_concentric_octagons,
          slime_altar_1, grunt_forest_large_clearing_hut
Swamp:1:  layout_falls_marsh, hangedman_swamp_pad, swamp_pool5
Swamp:2:  layout_basic_swamp, hangedman_swamp_ruin_wall
Swamp:3:  layout_falls_marsh, evilmike_swamp_ruin_house_6,
          infiniplex_staircase_pool, uniq_aizul
Swamp:4:  swamp, layout_basic_swamp, gammafunk_ghost_hydra_chop, uniq_nikola
Snake:1:  layout_concentric_octagons, serial_shops, shop, minmay_shoptagon
Snake:2:  layout_misc_corridors, lemuel_fruit_tree
Snake:3:  layout_chambers, ebering_ghost_disaster_area,
          hangedman_snake_thin_pillar_pass
Snake:4:  grunt_snake_rune_serpentine_throne, layout_cave_shapes, special_room,
          nicolae_snake_double_loop, serial_bayou_shore_b, uniq_mara
Orc:1:    layout_caves, serial_shops, shop, basic_altar
Orc:2:    grunt_orc_community_town_hall, layout_caves,
          grunt_orc_community_big_house_2, grunt_orc_community_big_house_2,
          grunt_orc_community_house_2, grunt_orc_community_house_2,
          grunt_orc_community_house_3, grunt_orc_community_house_3,
          grunt_orc_community_house_3, grunt_orc_community_house_3,
          gauntlet_entry_generic, uniq_snorg, uniq_donald

Skill      XL: |  1  2  3  4  5  6  7  8  9 10 11 12 13 14 15 16 17 18 19 |
---------------+----------------------------------------------------------+-----
Long Blades    | 4 5 6 7 8 10 11 12 14 | 14.0
Dodging        | 4 5 6 7 8 9 10 11 12 | 12.0
Fighting       | 3 4 5 6 7 8 9 10 11 12 13 14 15 | 15.0
Invocations    | 2 5 6 8 10 12 13 14 15 16 17 | 17.9
Shields        | 9 13 14 15 16 | 16.6
Armour         | 3 6 |  6.0
Evocations     | 3 5 |  5.0
Throwing       | |  2.0

Action                   |  1- 3 |  4- 6 |  7- 9 | 10-12 | 13-15 | 16-18 | 19-21 || total
-------------------------+-------+-------+-------+-------+-------+-------+-------++-------
Melee: Long sword        |    77 |    18 |    45 |       |       |       |       ||   140
       Kick              |    25 |    42 |   107 |   218 |   476 |   482 |    17 ||  1367
       Peck              |    15 |    22 |    67 |   103 |   300 |   304 |    11 ||   822
       Short sword       |       |    28 |       |       |       |       |       ||    28
       Dagger            |       |    81 |   154 |       |       |       |       ||   235
       Great sword       |       |       |    89 |   118 |       |       |       ||   207
       Scimitar          |       |       |       |   359 |   880 |  1058 |    24 ||  2321
 Fire: Hand crossbow     |       |       |     3 |       |       |       |       ||     3
Throw: Stone             |    11 |     1 |       |       |       |       |       ||    12
       Dart              |       |     4 |    21 |    10 |    14 |     3 |       ||    52
Invok: Stomp             |       |       |     2 |       |     4 |     8 |       ||    14
       Line Pass         |       |       |     1 |     4 |     1 |     1 |       ||     7
       Grand Finale      |       |       |     1 |       |       |     1 |       ||     2
 Abil: Fly               |       |     1 |       |       |       |       |       ||     1
Evoke: Wand              |       |       |       |     2 |     1 |     8 |       ||    11
       Lamp of fire      |       |       |       |     1 |     1 |     2 |       ||     4
  Use: Scroll            |     5 |       |     3 |    19 |    14 |    10 |     1 ||    52
       Potion            |       |       |       |     2 |       |     3 |       ||     5
 Stab: Paralysed         |       |       |     5 |    35 |    99 |   122 |       ||   261
       Confused          |       |       |       |     2 |       |     3 |       ||     5
       Distracted        |       |       |       |       |     2 |       |       ||     2
       Sleeping          |       |       |       |       |     1 |    11 |       ||    12
  Eat: Chunk             |     3 |     5 |    25 |    28 |    22 |    26 |       ||   109
       Ration            |       |       |       |       |       |     5 |       ||     5
Armor: Ring mail         |    27 |    28 |    63 |    43 |       |       |       ||   161
       Scale mail        |     3 |       |       |       |       |    77 |     8 ||    88
       Troll leather arm |       |       |       |    56 |    93 |       |       ||   149
       Plate armour      |       |       |       |       |    45 |       |       ||    45
       Storm dragon scal |       |       |       |       |     3 |    36 |       ||    39
       Swamp dragon scal |       |       |       |       |       |    46 |       ||    46
Dodge: Dodged            |    41 |    93 |   251 |   366 |   584 |   509 |    20 ||  1864
       Deflected         |       |       |     9 |     8 |       |       |       ||    17
Block: Shield            |       |       |       |       |   304 |   393 |       ||   697
       Reflection        |       |       |       |       |       |    10 |       ||    10
       Large shield      |       |       |       |       |       |   256 |    35 ||   291
       Rpst.: Long sword |    15 |     5 |     9 |       |       |       |       ||    29
       Great sword       |       |       |    33 |    20 |       |       |       ||    53
       Scimitar          |       |       |       |    78 |   138 |   104 |     6 ||   326

Table legend:
 A = Non-vault XP
 B = Vault XP
 C = Vault XP percentage of total XP
 D = Non-vault monster count
 E = Vault monster count
 F = Vault count percentage of total count
                 A         B        C        D         E       F
            +---------+---------+-------+---------+---------+-------
      Total |  192227 |  132558 |  40.8 |     831 |     340 |  29.0
            +---------+---------+-------+---------+---------+-------
        D:1 |      50 |       0 |   0.0 |      22 |       0 |   0.0
        D:2 |      22 |       0 |   0.0 |      11 |       0 |   0.0
        D:3 |     159 |      11 |   6.5 |      21 |       5 |  19.2
        D:4 |     515 |      61 |  10.6 |      17 |       4 |  19.0
        D:5 |     189 |       0 |   0.0 |      20 |       0 |   0.0
        D:6 |     497 |     704 |  58.6 |      14 |       4 |  22.2
        D:7 |    1923 |     885 |  31.5 |      32 |      15 |  31.9
        D:8 |    1376 |      51 |   3.6 |      24 |       3 |  11.1
        D:9 |    3083 |       0 |   0.0 |      36 |       0 |   0.0
       D:10 |    2510 |    1330 |  34.6 |      21 |       2 |   8.7
       D:11 |    5224 |    3267 |  38.5 |      46 |       8 |  14.8
       D:12 |    3798 |    6901 |  64.5 |      29 |      30 |  50.8
       D:13 |    6619 |    2895 |  30.4 |      30 |       1 |   3.2
       D:14 |    5826 |   12209 |  67.7 |      16 |      19 |  54.3
     Lair:1 |    4059 |    1399 |  25.6 |      19 |       4 |  17.4
     Lair:2 |    5395 |   11680 |  68.4 |      27 |      25 |  48.1
     Lair:3 |    4037 |    1848 |  31.4 |      15 |       8 |  34.8
     Lair:4 |    6017 |    5584 |  48.1 |      21 |      11 |  34.4
     Lair:5 |    6139 |    2289 |  27.2 |      33 |       7 |  17.5
     Lair:6 |   16702 |   11018 |  39.7 |      54 |      23 |  29.9
    Swamp:1 |   13375 |     410 |   3.0 |      24 |       3 |  11.1
    Swamp:2 |   12878 |       0 |   0.0 |      36 |       0 |   0.0
    Swamp:3 |   10216 |    2708 |  21.0 |      32 |       2 |   5.9
    Swamp:4 |   14444 |   26460 |  64.7 |      42 |      30 |  41.7
    Snake:1 |   11958 |       0 |   0.0 |      19 |       0 |   0.0
    Snake:2 |   17189 |       0 |   0.0 |      31 |       0 |   0.0
    Snake:3 |   12337 |       0 |   0.0 |      24 |       0 |   0.0
    Snake:4 |   18570 |   26256 |  58.6 |      36 |      28 |  43.8
      Orc:1 |    1647 |       0 |   0.0 |      28 |       0 |   0.0
      Orc:2 |    5473 |   10022 |  64.7 |      51 |      75 |  59.5
      Sewer |       0 |     137 | 100.0 |       0 |      24 | 100.0
   Gauntlet |       0 |    4433 | 100.0 |       0 |       9 | 100.0
            +---------+---------+-------+---------+---------+-------
